 Dungeon Crawl Stone Soup version 0.24.0-13-gcf9b319 (webtiles) character file.

Game seed: 17053939506395190448, levelgen mode: deterministic

95 xraymikek the Magician (level 4, -1/27 HPs)
             Began as an Octopode Wizard on Nov 10, 2019.
             Was an Initiate of Qazlal.
             Slain by a worker ant (3 damage)
             ... on level 4 of the Dungeon.
             The game lasted 00:10:04 (3006 turns).

xraymikek the Magician (Octopode Wizard)            Turns: 3006, Time: 00:10:05

Health: -1/27      AC:  1    Str:  6    XL:     4   Next: 66%
Magic:  8/8        EV: 12    Int: 20    God:    Qazlal [......]
Gold:   166        SH:  3    Dex: 11    Spells: 6/9 levels left

rFire    . . .     SeeInvis .   f - +0 short sword
rCold    . . .     Gourm    .   e - +0 buckler
rNeg     . . .     Faith    .   a - +0 hat
rPois    .         Spirit   .   o - amulet of inaccuracy (curse)
rElec    .         Reflect  .   (no ring)
rCorr    .         Harm     .   (no ring)
MR       .....                  (no ring)
Stlth    +++.......             (no ring)
HPRegen  0.09/turn              (no ring)
MPRegen  0.11/turn              (no ring)
                                (no ring)
                                (no ring)

@: lethally poisoned (-1 -> -11)
A: almost no armour, stealthy swim, amphibious, 8 rings, constrict 8, camouflage
1, gelatinous body 1
a: Renounce Religion


You were on level 4 of the Dungeon.
You worshipped Qazlal.
Qazlal was noncommittal.
You were not hungry.

You visited 1 branch of the dungeon, and saw 4 of its levels.

You collected 166 gold pieces.

Inventory:

Hand Weapons
 f - a +0 short sword (weapon)
Missiles
 b - 145 stones
 d - 20 poisoned darts
 k - 5 boomerangs (quivered)
 m - 27 arrows
Armour
 a - a +0 hat (worn)
 e - a +0 buckler (worn)
Jewellery
 o - a cursed amulet of inaccuracy (around mantle)
 q - an uncursed amulet of rage
Wands
 p - a wand of digging (9)
Scrolls
 g - a scroll of blinking {unknown}
 h - 3 scrolls of teleportation {unknown}
 i - 5 scrolls of identify {unknown}
 j - 3 scrolls of remove curse {unknown}
 s - a scroll of immolation {unknown}
 t - a scroll of enchant weapon {unknown}
Potions
 l - a potion of heal wounds {unknown}
Comestibles
 c - 7 rations
 r - a chunk of flesh


   Skills:
 - Level 1.3 Short Blades
 - Level 2.0 Dodging
 - Level 2.8 Stealth
 - Level 3.2 Spellcasting
 + Level 1.5 Conjurations
 * Level 3.0 Hexes
   Level 1.0 Summonings
   Level 1.0 Translocations


You had 6 spell levels left.
You knew the following spells:

 Your Spells              Type           Power        Failure   Level  Hunger
a - Magic Dart            Conj           #...         12%         1    None
b - Slow                  Hex            ###.....     10%         2    ##.....

Your spell library contained the following spells:

 Spells                   Type           Power        Failure   Level  Hunger
 Blink                    Tloc           N/A          24%         2    ##.....
 Call Imp                 Summ           #.......     24%         2    ##.....
 Conjure Flame            Conj/Fire      #.......     45%         3    ###....
 Mephitic Cloud           Conj/Pois/Air  #.......     50%         3    ###....


Dungeon Overview and Level Annotations

Branches:
Dungeon (4/15)
 Temple: D:4-7

Altars:
Gozag
Qazlal

Annotations:
D:3 Grinder


Innate Abilities, Weirdness & Mutations

You cannot wear most types of armour.
You are very stealthy in the water. (Stealth+)
You are amphibious.
You can wear up to eight rings at the same time.
You can use your tentacles to constrict eight enemies at once.
Your skin changes colour to match your surroundings (Stealth+).
Your rubbery body absorbs attacks. (AC +1, EV +1)


Message History

You hit the worker ant but do no damage.
The worker ant is heavily wounded.
You constrict the worker ant, but do no damage.
You feel sick. The worker ant bites you. The worker ant bites you!
* * * LOW HITPOINT WARNING * * *
You are lethally poisoned!
The worker ant poisons you!
You hit the worker ant.
The worker ant is severely wounded.
You constrict the worker ant.
* * * LOW HITPOINT WARNING * * *
You feel sick.
The worker ant waves its antennae.
The worker ant bites you.
* * * LOW HITPOINT WARNING * * *
It was a potion of cancellation.
You feel magically purged.
You constrict the worker ant, but do no damage.
* * * LOW HITPOINT WARNING * * *
You feel sick. The worker ant bites you.
You die...

...# #..# #..#
#..## #...# #...##
#....# #....#
#@#..# #a#..##
#.#...# #.##..###
# #.##....# .#
#.##..#.# ##.#....
#.###.#.##........
#.# #...#..#.#...
##....##.#.. #


You could see a worker ant.

Vanquished Creatures
  Ijyb (D:3)
  An adder (D:2)
  An ooze (D:1)
  2 worms (D:2)
  A dart slug (D:3)
  2 leopard geckos
  A ball python (D:3)
  5 giant cockroaches
  7 goblins
  4 hobgoblins
  A quokka (D:4)
  5 bats
  5 frilled lizards
  9 kobolds
  7 rats
52 creatures vanquished.

Notes
Turn   | Place    | Note
-------+----------+-------------------------------------------
     0 | D:1      | xraymikek the Octopode Wizard began the quest for the Orb.
     0 | D:1      | Reached XP level 1. HP: 11/11 MP: 4/4
   590 | D:1      | Reached XP level 2. HP: 17/17 MP: 6/6
   697 | D:1      | Reached skill level 1 in Short Blades
   744 | D:1      | Learned a level 2 spell: Slow
  1329 | D:2      | Reached skill level 1 in Hexes
  1333 | D:2      | Reached XP level 3. HP: 21/21 MP: 7/7
  1813 | D:2      | Found an opulent altar of Gozag.
  2206 | D:2      | Reached XP level 4. HP: 27/27 MP: 5/8
  2499 | D:3      | Found a stormy altar of Qazlal.
  2548 | D:3      | Became a worshipper of Qazlal Stormbringer
  2563 | D:3      | Noticed Ijyb
  2581 | D:3      | Killed Ijyb
  2613 | D:3      | Noticed Grinder
  3006 | D:4      | Slain by a worker ant

Levels and vault maps discovered:
D:1:      noname_arrival_rooms_in_the_neighbourhood, layout_loops_ring,
          minmay_misc_feat_ornament, nrook_campfire
D:2:      layout_basic, grunt_gozag_statues, first_ration
D:3:      layout_rooms, nicolae_qazlal_general_emergency, uniq_grinder,
          uniq_ijyb
D:4:      layout_rooms, xom_redecorated, serial_shops,
          nicolae_shop_overgrown_old_shop

Skill      XL: |  1  2  3  4 |
---------------+-------------+-----
Short Blades   | 1 |  1.3
Hexes          | 1 2 3 |  3.0
Dodging        | |  2.0
Stealth        | |  2.8
Spellcasting   | |  3.2
Conjurations   | |  1.5
Summonings     | |  1.0
Translocations | |  1.0

Action                   |  1- 3 |  4- 6 || total
-------------------------+-------+-------++-------
Melee: Unarmed           |    10 |       ||    10
       Short sword       |    57 |    37 ||    94
       Constrict         |    18 |     9 ||    27
       Tentacles         |     5 |    10 ||    15
Throw: Boomerang         |    29 |       ||    29
 Cast: Magic Dart        |    55 |     8 ||    63
  Use: Potion            |     2 |     1 ||     3
 Stab: Sleeping          |     8 |     4 ||    12
  Eat: Chunk             |     3 |     3 ||     6
Armor: Skin              |    11 |     2 ||    13
Dodge: Dodged            |    39 |    19 ||    58
Block: Buckler           |     3 |     6 ||     9
